Map: Data-C

Players

NaXin

  • Race: Terran Terran
  • Spawn Location: 3:00

Rex - Winner!

  • Race: Zerg Zerg
  • Spawn Location: 9:00

Event: DreamHack SC2 Masters 2022 Atlanta (Online)

VOD

Have the link to the VOD?

Description

Time

  • Played on: Sept. 28, 2022, 8:41 a.m.
  • Length: 12:40

All games in this series

Show
View Real Time Build Order
Export as new Build Order

NaXin Terran 

Build Orders: Reaper Expand, Hellion Banshee 

Get SALT Encoding   

  12  0:00  SCV  
  13  0:12  SCV  
  14  0:17  Supply Depot  
  14  0:24  SCV  
  15  0:38  SCV  
  15  0:39  Barracks  
  16  0:43  Refinery  
  16  0:50  SCV  
  17  1:02  SCV  
  18  1:14  SCV  
  19  1:27  Reaper, Orbital Command  
  20  1:40  Command Center  
  20  1:48  Supply Depot  
  20  1:53  SCV  
  21  1:58  Marine  
  22  2:05  SCV  
  23  2:11  Factory  
  23  2:12  Refinery  
  23  2:17  SCV  
  23  2:21  Barracks Reactor  
  24  2:29  SCV  
  25  2:43  SCV  
  26  2:52  Orbital Command  
  26  2:55  SCV  
  27  2:58  Starport  
  27  3:05  Hellion x2  
  31  3:07  SCV  
  31  3:09  Supply Depot, Barracks Tech Lab  
  32  3:19  SCV  
  34  3:20  SCV  
  34  3:26  Hellion x2  
  38  3:31  SCV  
  38  3:32  SCV  
  38  3:34  Barracks Tech Lab  
  40  3:42  Banshee, Cloaking Field  
  40  3:47  SCV x2  
  45  3:52  Supply Depot, Hellion  
  45  3:53  Hellion  
  49  3:56  Stimpack  
  49  3:57  Marine  
  51  4:02  SCV  
  51  4:03  SCV  
  52  4:15  SCV x2  
  54  4:22  Marine  
  55  4:27  Banshee  
  55  4:30  SCV  
  55  4:31  Command Center  
  59  4:35  SCV  
  60  4:39  Factory Reactor  
  60  4:40  Marine  
  60  4:41  Barracks  
  60  4:44  Barracks  
  61  4:48  Supply Depot  
  61  4:50  Supply Depot, SCV  
  62  5:01  Engineering Bay x2  
  62  5:09  SCV, Marine  
  62  5:10  Supply Depot, SCV, Refinery x2  
  65  5:20  Starport Reactor  
  65  5:27  Marine  
  65  5:28  SCV x2  
  68  5:37  Supply Depot, Terran Infantry Armor Level 1, Terran Infantry Weapons Level 1  
  68  5:40  SCV x2  
  70  5:44  Marine x3  
  70  5:45  Siege Tank  
  70  5:46  Orbital Command  
  70  5:49  Supply Depot  
  76  5:54  Combat Shield, Marine x2  
  76  5:56  SCV x2  
  80  6:04  Medivac x2, Marine  
  84  6:07  Marine  
  84  6:08  SCV, Orbital Command  
  84  6:09  SCV  
  88  6:11  Marine  
  88  6:17  Supply Depot, Siege Tank  
  92  6:19  Marine  
  92  6:20  SCV  
  92  6:24  Marine x2  
  92  6:25  SCV, Marine  
  94  6:29  Marine  
  97  6:33  SCV  
  97  6:34  SCV  
  97  6:37  Medivac x2, Marine  
  97  6:38  SCV  
  105  6:41  Marine  
  105  6:42  Marine  
  105  6:44  Supply Depot  
  105  6:45  SCV, Marine  
  109  6:50  Siege Tank  
  112  6:57  Marine x2  
  112  6:58  SCV x2  
  112  6:59  Marine  
  117  7:02  Barracks  
  117  7:03  Barracks  
  117  7:08  Armory, Marine  
  117  7:10  Marine  
  117  7:13  Supply Depot x2  
  119  7:20  Marine  
  119  7:21  Medivac x2  
  124  7:24  Siege Tank  
  124  7:25  Supply Depot  
  124  7:27  Marine  
  124  7:28  Marine  
  129  7:30  Marine x2  
  129  7:36  SCV x3  
  134  7:37  Marine  
  134  7:39  Supply Depot  
  132  7:48  Marine x2  
  132  7:49  SCV, Marine  
  132  7:50  Barracks Reactor, SCV  
  137  7:54  Barracks Reactor  
  137  7:56  Siege Tank  
  138  8:00  Marine x2  
  138  8:02  Medivac  
  138  8:03  SCV x2  
  138  8:04  SCV  
  143  8:06  Marine  
  143  8:10  Supply Depot, Marine x2  
  128  8:22  Marine x2  
  128  8:24  SCV, Marine  
  124  8:28  Siege Tank, Marine  
  124  8:31  Marine x2  
  124  8:32  Terran Infantry Weapons Level 2  
  130  8:35  Refinery, Bunker  
  130  8:36  Refinery  
  130  8:38  Marine x3  
  133  8:42  Supply Depot x2, Terran Infantry Armor Level 2  
  133  8:43  Marine x2  
  133  8:44  Marine  
  133  8:48  Supply Depot  
  136  8:49  Marine  
  136  8:50  Marine x2  
  139  8:57  Marine  
  139  8:58  Marine  
  139  9:00  Siege Tank  
  144  9:05  Marine  
  144  9:06  Factory  
  144  9:08  Marine x2  
  147  9:10  Supply Depot x2  
  145  9:18  Medivac, Marine x3  
  145  9:19  Medivac  
  145  9:20  Marine  
  145  9:22  Marine  
  154  9:26  Marine x4  
  158  9:33  Supply Depot, Siege Tank  
  158  9:35  Marine  
  158  9:36  Marine x2  
  162  9:38  Marine  
  162  9:40  Marine  
  162  9:44  Marine x3  
  167  9:46  Marine  
  168  9:53  Marine  
  168  9:55  Marine  
  168  9:58  Marine x2  
  172  10:04  Marine  
  172  10:05  Siege Tank  
  172  10:06  Marine  
  176  10:07  Factory Tech Lab  
  168  10:17  Marine x3  
  168  10:18  Medivac x2, Marine  
  168  10:19  Marauder, Marine x2  
  180  10:22  Terran Vehicle Weapons Level 1, Marine  
  180  10:23  Marine  
  182  10:30  Siege Tank  
  182  10:34  Sensor Tower  
  182  10:35  Marine x4  
  186  10:37  Siege Tank  
  186  10:41  Marauder, Marine x2  
  196  10:46  Marine  
  195  10:54  Marine  
  196  10:57  Marine  
  196  11:04  Siege Tank  
  197  11:13  Command Center  
  197  11:14  Command Center  
  197  11:22  Marine x2  
  197  11:24  Marine  
  200  11:39  Siege Tank  
  197  11:41  Marine x2  
  197  11:42  Marine  
  197  11:43  Marine x2  
  197  11:44  Marine  
  174  11:55  Marine x2  
  174  11:56  Marauder  
  174  11:59  Marine x2  
  174  12:00  Marine  
  174  12:01  Marine x3  
  162  12:13  Marine x2  
  170  12:17  Marauder, Marine x2  
  170  12:18  Marine x2  
  170  12:19  Marine x2  
Show
View Real Time Build Order
Export as new Build Order

Rex Zerg - Winner!

Build Orders: Hatch First 

Get SALT Encoding   

  12  0:00  Drone  
  13  0:12  Overlord  
  13  0:17  Drone  
  14  0:31  Drone  
  14  0:32  Drone  
  16  0:48  Hatchery  
  15  0:51  Drone  
  15  0:55  Drone  
  17  0:59  Drone  
  18  1:09  Extractor  
  17  1:14  Spawning Pool  
  17  1:17  Drone  
  17  1:20  Drone  
  18  1:28  Drone  
  19  1:39  Drone  
  20  1:49  Drone  
  21  2:00  Queen x2  
  26  2:01  Zergling x4  
  27  2:10  Overlord  
  27  2:11  Drone  
  28  2:22  Hatchery  
  27  2:25  Drone  
  28  2:31  Drone  
  28  2:36  Drone x2  
  31  2:39  Queen  
  33  2:44  Metabolic Boost  
  33  2:50  Overlord  
  33  2:53  Drone  
  33  2:55  Drone  
  33  2:57  Drone  
  36  3:03  Overlord  
  36  3:07  Queen  
  36  3:10  Drone  
  36  3:12  Drone  
  40  3:14  Drone  
  40  3:15  Drone  
  42  3:21  Queen  
  42  3:24  Drone  
  42  3:25  Drone  
  46  3:28  Drone  
  46  3:31  Overlord  
  47  3:35  Queen  
  47  3:38  Drone  
  50  3:43  Drone x2  
  50  3:47  Queen  
  54  3:52  Zergling x6  
  57  3:57  Drone x3  
  57  4:01  Queen  
  62  4:03  Drone  
  62  4:09  Overlord  
  63  4:14  Drone x3  
  63  4:15  Overlord  
  66  4:26  Overlord  
  66  4:27  Spore Crawler  
  66  4:29  Spore Crawler  
  66  4:30  Drone x7  
  70  4:33  Drone x2  
  70  4:37  Lair  
  72  4:41  Spore Crawler  
  71  4:46  Drone x2  
  71  4:47  Drone x3  
  71  4:50  Drone x3  
  79  4:55  Extractor  
  79  4:56  Baneling Nest  
  79  4:58  Zergling x2, Extractor  
  79  4:59  Zergling x6  
  80  5:07  Drone  
  80  5:08  Drone  
  80  5:12  Drone  
  82  5:14  Hatchery  
  82  5:20  Overlord  
  81  5:25  Extractor  
  81  5:27  Overlord  
  79  5:30  Drone x3  
  82  5:36  Drone, Evolution Chamber x2  
  82  5:37  Drone  
  82  5:39  Drone x7  
  82  5:40  Overseer  
  89  5:45  Drone x4  
  89  5:49  Drone x4, Centrifugal Hooks  
  97  5:54  Hydralisk Den  
  97  5:55  Zergling x2  
  97  5:59  Overlord  
  97  6:02  Zergling x2  
  98  6:04  Zerg Ground Armor Level 1  
  98  6:05  Overlord x3  
  98  6:10  Overlord  
  98  6:18  Queen, Zerg Melee Weapons Level 1  
  98  6:19  Zergling x12  
  98  6:23  Zergling x6  
  109  6:27  Zergling x2  
  109  6:28  Zergling x4  
  112  6:33  Grooved Spines, Overlord  
  112  6:37  Zergling x6  
  115  6:40  Baneling x6  
  115  6:43  Spore Crawler  
  115  6:44  Zergling x4  
  116  6:50  Zergling x10  
  116  6:51  Zergling x6  
  124  6:57  Zergling x6  
  124  6:58  Baneling x4  
  126  7:03  Overlord x2  
  126  7:05  Overlord  
  126  7:06  Hydralisk x4  
  133  7:10  Extractor, Overlord  
  133  7:15  Hatchery  
  131  7:16  Hydralisk x2  
  135  7:23  Zergling x14  
  142  7:31  Baneling x6  
  141  7:40  Zergling x22  
  148  7:48  Muscular Augments, Infestation Pit  
  147  7:53  Baneling x2, Overlord  
  147  7:57  Drone x8  
  144  7:59  Extractor  
  144  8:02  Zergling x2  
  144  8:03  Baneling  
  144  8:04  Baneling x4  
  141  8:06  Zergling x18  
  141  8:07  Zergling x4  
  140  8:21  Zergling x12  
  140  8:25  Zerg Ground Armor Level 2  
  141  8:28  Drone x3  
  144  8:35  Zergling x4  
  144  8:37  Baneling x8  
  146  8:43  Zerg Melee Weapons Level 2  
  146  8:44  Drone, Hatchery  
  146  8:45  Drone x4  
  150  8:49  Zergling x6  
  153  8:56  Zergling x2  
  153  8:57  Zergling x12  
  160  9:04  Hive  
  160  9:08  Zergling x10, Spore Crawler  
  160  9:09  Spore Crawler x2  
  162  9:10  Spore Crawler, Overlord  
  159  9:18  Zergling x6  
  159  9:19  Zergling x8  
  159  9:23  Pneumatized Carapace  
  166  9:31  Zergling x20  
  166  9:33  Overlord  
  166  9:34  Overlord  
  174  9:42  Hydralisk  
  174  9:43  Hydralisk x5  
  186  9:47  Baneling x2  
  186  9:52  Zergling x4  
  187  10:01  Zergling x16  
  187  10:03  Overseer  
  194  10:13  Zergling x14  
  199  10:21  Adrenal Glands  
  199  10:23  Extractor  
  199  10:24  Ultralisk Cavern, Viper  
  199  10:27  Viper  
  200  10:40  Extractor  
  200  10:42  Drone  
  200  10:51  Spore Crawler  
  199  11:02  Baneling x5  
  199  11:03  Baneling, Hatchery  
  195  11:07  Zergling x10  
  195  11:08  Zergling x4  
  198  11:14  Baneling x5  
  198  11:15  Zergling x6, Baneling x11  
  200  11:31  Zergling x2  
  200  11:33  Baneling x14  
  195  11:40  Zergling x10  
  188  11:48  Zergling x28  
  188  11:52  Baneling x15  
  191  11:56  Zergling x22  
  197  12:05  Zergling x18  
  168  12:32  Hatchery  
Tags
 
Add a new tag
Caveats
  • Supply blocks, unpowered buildings, or Contaminate may cause inaccurate times.
  • Supply counts are checked every 10 seconds.